[ AOE2 MATCH · #483664091 ]
UnrankedTurks vs Franks
[ REPLAY ANALYSIS · EXTRACTED FROM THE RECORDED GAME ]
Feudal
14:21
Castle
18:18
Imperial
32:07
| APM avg | 25.9 |
| APM peak | 51 |
| eAPM avg | 14.2 |
| Villagers / military | 135 / 147 |
Focus
⚔️ 32.2% · 🌾 67.8%
Camel Scout ×72 · Scout Cavalry ×62 · Bombard Cannon ×11 · Monk ×2
Feudal
13:02
Castle
16:57
Imperial
28:37
| APM avg | 18.5 |
| APM peak | 46 |
| eAPM avg | 9.6 |
| Villagers / military | 125 / 129 |
Focus
⚔️ 24.4% · 🌾 75.6%
Knight ×52 · Scout Cavalry ×45 · Scorpion ×24 · Trebuchet (Packed) ×3 · Petard ×2 · Spearman ×2
Feudal
12:10
Castle
19:48
Imperial
32:23
| APM avg | 18.5 |
| APM peak | 44 |
| eAPM avg | 14.8 |
| Villagers / military | 109 / 193 |
Focus
⚔️ 37.9% · 🌾 62.1%
Scorpion ×109 · Teutonic Knight ×76 · Trebuchet (Packed) ×8 · Trade Cart ×7
Feudal
12:57
Castle
20:12
Imperial
32:59
| APM avg | 14.3 |
| APM peak | 47 |
| eAPM avg | 11.2 |
| Villagers / military | 117 / 110 |
Focus
⚔️ 32.8% · 🌾 67.2%
Spearman ×63 · Cataphract ×18 · Knight ×11 · Militia ×7 · Mangonel ×4 · Scorpion ×4
Feudal
11:06
Castle
19:14
Imperial
30:36
| APM avg | 16.8 |
| APM peak | 39 |
| eAPM avg | 10.6 |
| Villagers / military | 71 / 174 |
Focus
⚔️ 48.0% · 🌾 52.0%
Militia ×84 · Scorpion ×49 · Spearman ×26 · Battering Ram ×9 · Trebuchet (Packed) ×4 · Monk ×1
Feudal
13:09
Castle
16:30
Imperial
30:31
| APM avg | 29.1 |
| APM peak | 67 |
| eAPM avg | 14.1 |
| Villagers / military | 154 / 132 |
Focus
⚔️ 21.7% · 🌾 78.3%
Conquistador ×58 · Knight ×27 · Mangonel ×27 · Bombard Cannon ×5 · Spearman ×4 · Skirmisher ×4
Match map
Initial resources + every placement click. Lines = walls · curves = elevation contours. ◆ gold · ⬟ stone · ● berries · ✦ relic · ◌ wall gap
Your base· ✓ Closed at 18:18 · 0t walls · 3 gate(s)
MR. Pluton's base· ✓ Closed at 16:57 · 0t walls · 2 gate(s)
KingYankee1's base· ✓ Closed at 19:48 · 0t walls · 2 gate(s)
Ahmett's base· ✓ Closed at 20:12 · 3t walls · 3 gate(s)
aleix.batista's base· ✓ Closed at 19:14 · 0t walls · 2 gate(s)
Makinaci's base· ✓ Closed at 16:30 · 0t walls · 3 gate(s)
Smoothed initial terrain · ◌ = detected wall gap · hover for details
Inputs per minute
— Ezer - - MR. Pluton
Build order — Ezer
First 150 of 455 actions detected
| 0:55 | Build | House |
| 0:57 | Build | House |
| 1:30 | Create | Villager (Male) |
| 1:30 | Create | Villager (Male) |
| 1:31 | Create | Villager (Male) |
| 1:31 | Create | Villager (Male) |
| 1:31 | Create | Villager (Male) |
| 2:40 | Create | Villager (Male) |
| 2:41 | Create | Villager (Male) |
| 3:01 | Create | Villager (Male) |
| 3:02 | Create | Villager (Male) |
| 3:22 | Build | Lumber Camp |
| 4:18 | Create | Villager (Male) |
| 4:19 | Create | Villager (Male) |
| 4:19 | Create | Villager (Male) |
| 4:19 | Create | Villager (Male) |
| 5:22 | Create | Villager (Male) |
| 5:22 | Create | Villager (Male) |
| 5:22 | Create | Villager (Male) |
| 5:27 | Build | House |
| 5:46 | Build | Mill |
| 6:19 | Build | House |
| 6:23 | Create | Villager (Male) |
| 6:23 | Create | Villager (Male) |
| 6:23 | Create | Villager (Male) |
| 6:24 | Create | Villager (Male) |
| 6:42 | Build | House |
| 7:27 | Create | Villager (Male) |
| 7:27 | Create | Villager (Male) |
| 7:27 | Create | Villager (Male) |
| 7:53 | Build | Mining Camp |
| 8:07 | Build | Farm |
| 8:16 | Create | Villager (Male) |
| 9:25 | Build | Farm |
| 9:36 | Build | Mining Camp |
| 9:40 | Create | Villager (Male) |
| 9:41 | Create | Villager (Male) |
| 9:42 | Create | Villager (Male) |
| 9:43 | Create | Villager (Male) |
| 9:43 | Create | Villager (Male) |
| 10:41 | Build | Lumber Camp |
| 10:51 | Research | Loom |
| 11:21 | Research | Feudal Age |
| 13:15 | Build | Barracks |
| 14:21 | Age | Feudal Age |
| 14:26 | Build | Market |
| 14:39 | Build | Stable |
| 14:49 | Build | Blacksmith |
| 15:38 | Research | Castle Age |
| 15:43 | Research | Double-Bit Axe |
| 15:46 | Create | Scout Cavalry |
| 16:05 | Build | House |
| 16:06 | Build | House |
| 16:17 | Create | Scout Cavalry |
| 16:26 | Research | Gold Mining |
| 17:00 | Research | Horse Collar |
| 18:18 | Age | Castle Age |
| 18:48 | Build | Castle |
| 18:56 | Create | Villager (Male) |
| 18:56 | Create | Villager (Male) |
| 18:57 | Create | Villager (Male) |
| 18:57 | Create | Villager (Male) |
| 18:57 | Create | Villager (Male) |
| 18:58 | Create | Villager (Male) |
| 18:58 | Create | Villager (Male) |
| 18:58 | Create | Villager (Male) |
| 19:24 | Build | Monastery |
| 19:31 | Research | Stone Mining |
| 19:44 | Create | Villager (Male) |
| 20:13 | Create | Monk |
| 20:13 | Create | Monk |
| 20:40 | Build | Town Center |
| 21:13 | Build | Farm |
| 21:24 | Create | Villager (Male) |
| 21:25 | Create | Villager (Male) |
| 21:39 | Build | Town Center |
| 21:50 | Build | Mining Camp |
| 21:55 | Build | Farm |
| 22:00 | Build | Farm |
| 22:01 | Build | Farm |
| 22:03 | Build | Farm |
| 22:34 | Build | Farm |
| 22:38 | Create | Villager (Male) |
| 22:39 | Create | Villager (Male) |
| 22:39 | Create | Villager (Male) |
| 22:39 | Create | Villager (Male) |
| 22:39 | Create | Villager (Male) |
| 22:41 | Create | Villager (Male) |
| 23:17 | Build | University |
| 23:19 | Create | Villager (Male) |
| 23:20 | Create | Villager (Male) |
| 23:31 | Build | Farm |
| 23:33 | Build | Farm |
| 23:36 | Build | Farm |
| 23:58 | Build | Farm |
| 24:01 | Create | Villager (Male) |
| 24:02 | Create | Villager (Male) |
| 24:02 | Create | Villager (Male) |
| 24:07 | Build | House |
| 24:08 | Build | House |
| 24:23 | Create | Villager (Male) |
| 24:23 | Create | Villager (Male) |
| 24:43 | Build | Stable |
| 24:49 | Create | Villager (Male) |
| 24:49 | Create | Villager (Male) |
| 24:49 | Create | Villager (Male) |
| 24:54 | Create | Villager (Male) |
| 24:54 | Create | Villager (Male) |
| 24:54 | Create | Villager (Male) |
| 24:55 | Create | Villager (Male) |
| 24:58 | Build | Farm |
| 25:00 | Build | Farm |
| 25:04 | Build | House |
| 25:06 | Build | House |
| 25:28 | Build | Siege Workshop |
| 25:30 | Build | Farm |
| 25:32 | Build | Farm |
| 25:34 | Create | Villager (Male) |
| 25:35 | Create | Villager (Male) |
| 25:35 | Create | Villager (Male) |
| 25:35 | Create | Villager (Male) |
| 25:44 | Build | Farm |
| 25:47 | Build | Farm |
| 25:56 | Create | Villager (Male) |
| 25:56 | Create | Villager (Male) |
| 25:56 | Create | Villager (Male) |
| 25:57 | Create | Villager (Male) |
| 25:57 | Create | Villager (Male) |
| 25:57 | Create | Villager (Male) |
| 25:57 | Create | Villager (Male) |
| 26:09 | Build | Farm |
| 26:13 | Build | Farm |
| 26:20 | Create | Villager (Male) |
| 26:20 | Create | Villager (Male) |
| 26:28 | Build | Farm |
| 26:29 | Build | Farm |
| 26:37 | Build | Siege Workshop |
| 26:44 | Build | Farm |
| 26:48 | Build | House |
| 26:50 | Build | House |
| 26:53 | Build | Farm |
| 26:57 | Build | Farm |
| 27:01 | Create | Villager (Male) |
| 27:01 | Create | Villager (Male) |
| 27:02 | Create | Villager (Male) |
| 27:04 | Create | Villager (Male) |
| 27:05 | Create | Villager (Male) |
| 27:16 | Build | Farm |
| 27:26 | Build | Stable |
| 27:27 | Build | Stable |
Build order — MR. Pluton
First 150 of 267 actions detected
| 0:02 | Create | Villager (Male) ×4 |
| 0:04 | Build | House |
| 0:05 | Build | House |
| 1:30 | Create | Villager (Male) |
| 2:06 | Build | Lumber Camp |
| 2:27 | Create | Villager (Male) ×2 |
| 2:57 | Create | Villager (Male) ×2 |
| 3:45 | Create | Villager (Male) |
| 4:14 | Build | House |
| 4:40 | Build | Mill |
| 4:44 | Build | House |
| 5:11 | Create | Villager (Male) |
| 5:21 | Create | Villager (Male) ×3 |
| 6:23 | Create | Villager (Male) ×3 |
| 7:00 | Create | Villager (Male) ×2 |
| 7:02 | Build | Farm |
| 7:28 | Build | Farm |
| 7:53 | Create | Villager (Male) |
| 7:53 | Create | Villager (Male) |
| 7:53 | Create | Villager (Male) |
| 8:24 | Create | Villager (Male) ×5 |
| 8:40 | Create | Villager (Male) ×3 |
| 9:33 | Build | House |
| 9:50 | Research | Feudal Age |
| 10:00 | Build | Mining Camp |
| 10:06 | Research | Loom |
| 12:19 | Create | Villager (Male) |
| 12:20 | Create | Villager (Male) |
| 12:51 | Build | Farm |
| 12:52 | Build | Farm |
| 12:52 | Build | Farm |
| 12:53 | Build | Farm |
| 12:54 | Build | Farm |
| 12:55 | Build | Farm |
| 12:56 | Build | Farm |
| 13:02 | Age | Feudal Age |
| 13:06 | Create | Villager (Male) ×5 |
| 13:11 | Build | Market |
| 13:16 | Build | Blacksmith |
| 13:30 | Research | Double-Bit Axe |
| 14:17 | Research | Castle Age |
| 14:26 | Build | Barracks |
| 14:30 | Build | House |
| 15:52 | Build | Stable |
| 16:00 | Build | House |
| 16:23 | Build | Farm |
| 16:23 | Build | Farm |
| 16:24 | Build | Farm |
| 16:25 | Build | Farm |
| 16:26 | Build | Farm |
| 16:38 | Create | Spearman |
| 16:57 | Age | Castle Age |
| 16:59 | Create | Knight |
| 17:01 | Create | Knight |
| 17:07 | Build | Monastery |
| 17:38 | Create | Villager (Male) |
| 17:38 | Create | Villager (Male) |
| 17:39 | Create | Villager (Male) |
| 17:40 | Create | Villager (Male) |
| 18:27 | Create | Spearman |
| 18:35 | Create | Villager (Male) |
| 18:45 | Create | Monk |
| 18:58 | Build | Archery Range |
| 19:00 | Create | Villager (Male) ×5 |
| 19:13 | Build | Town Center |
| 19:47 | Create | Villager (Male) |
| 19:52 | Build | Mining Camp |
| 19:58 | Create | Villager (Male) |
| 20:09 | Build | House |
| 20:45 | Build | House |
| 20:48 | Build | House |
| 20:49 | Build | House |
| 20:54 | Create | Villager (Male) |
| 21:24 | Create | Villager (Male) |
| 21:37 | Build | Mining Camp |
| 21:51 | Create | Villager (Male) |
| 22:02 | Build | Town Center |
| 22:35 | Create | Villager (Male) |
| 22:35 | Create | Villager (Male) |
| 22:37 | Create | Villager (Male) |
| 23:20 | Create | Villager (Male) |
| 23:20 | Create | Villager (Male) |
| 23:30 | Create | Villager (Male) |
| 23:31 | Create | Villager (Male) |
| 23:45 | Build | University |
| 23:53 | Build | House |
| 23:54 | Build | House |
| 23:56 | Build | House |
| 23:57 | Build | House |
| 24:06 | Create | Villager (Male) |
| 24:20 | Create | Villager (Male) |
| 24:37 | Create | Villager (Male) ×5 |
| 24:52 | Create | Villager (Male) |
| 25:06 | Build | Farm |
| 25:06 | Build | Farm |
| 25:07 | Build | Farm |
| 25:07 | Build | Farm |
| 25:07 | Build | Farm |
| 25:08 | Build | Farm |
| 25:08 | Build | Farm |
| 25:08 | Build | Farm |
| 25:16 | Research | Imperial Age |
| 25:26 | Build | House |
| 25:27 | Build | House |
| 25:28 | Build | House |
| 25:31 | Create | Villager (Male) |
| 25:42 | Create | Villager (Male) |
| 25:55 | Build | Farm |
| 25:56 | Build | Farm |
| 25:56 | Build | Farm |
| 25:57 | Build | Farm |
| 25:57 | Build | Farm |
| 25:57 | Build | Farm |
| 25:58 | Build | Farm |
| 26:03 | Create | Villager (Male) |
| 26:07 | Create | Villager (Male) |
| 26:17 | Build | Stable |
| 26:19 | Build | Stable |
| 26:40 | Build | Siege Workshop |
| 26:44 | Create | Villager (Male) ×5 |
| 26:48 | Create | Villager (Male) |
| 27:07 | Create | Villager (Male) |
| 27:09 | Create | Villager (Male) |
| 27:49 | Create | Villager (Male) |
| 27:50 | Create | Villager (Male) |
| 28:01 | Build | Siege Workshop |
| 28:05 | Build | Stable |
| 28:09 | Create | Knight |
| 28:13 | Research | Scale Barding Armor |
| 28:17 | Research | Scale Mail Armor |
| 28:27 | Create | Villager (Male) ×5 |
| 28:31 | Build | Lumber Camp |
| 28:37 | Age | Imperial Age |
| 28:37 | Create | Villager (Male) ×3 |
| 28:58 | Build | Stable |
| 28:59 | Build | Stable |
| 29:03 | Create | Villager (Male) ×4 |
| 29:15 | Create | Villager (Male) ×3 |
| 29:23 | Create | Villager (Male) |
| 29:35 | Create | Villager (Male) |
| 29:44 | Create | Villager (Male) ×3 |
| 29:56 | Build | Stable |
| 30:06 | Create | Villager (Male) ×3 |
| 30:25 | Build | Mill |
| 30:26 | Build | Farm |
| 30:27 | Build | Farm |
| 30:27 | Build | Farm |
| 30:27 | Build | Farm |
| 30:28 | Build | Farm |
| 30:29 | Build | Farm |
Build order — KingYankee1
First 150 of 432 actions detected
| 0:04 | Build | House |
| 0:08 | Build | House |
| 0:16 | Create | Villager (Male) |
| 0:17 | Create | Villager (Male) |
| 0:17 | Create | Villager (Male) |
| 0:57 | Build | Mill |
| 1:10 | Create | Villager (Male) |
| 1:45 | Create | Villager (Male) |
| 2:28 | Research | Loom |
| 2:48 | Create | Villager (Male) |
| 3:24 | Build | Lumber Camp |
| 3:26 | Create | Villager (Male) |
| 3:32 | Create | Villager (Male) |
| 4:23 | Create | Villager (Male) |
| 4:47 | Create | Villager (Male) |
| 4:48 | Create | Villager (Male) |
| 4:57 | Build | House |
| 5:08 | Create | Villager (Male) |
| 5:08 | Create | Villager (Male) |
| 5:42 | Create | Villager (Male) |
| 5:42 | Create | Villager (Male) |
| 5:45 | Build | House |
| 6:12 | Create | Villager (Male) |
| 6:28 | Build | Farm |
| 6:34 | Build | Farm |
| 6:38 | Create | Villager (Male) |
| 7:10 | Create | Villager (Male) |
| 7:27 | Create | Villager (Male) |
| 7:53 | Create | Villager (Male) |
| 8:24 | Create | Villager (Male) |
| 8:50 | Build | Mining Camp |
| 8:59 | Build | Mining Camp |
| 9:04 | Build | Farm |
| 9:07 | Create | Villager (Male) |
| 9:23 | Build | House |
| 9:49 | Build | Farm |
| 10:00 | Research | Feudal Age |
| 10:15 | Build | Farm |
| 10:49 | Build | Farm |
| 11:24 | Build | Farm |
| 12:10 | Age | Feudal Age |
| 12:17 | Research | Wheelbarrow |
| 12:21 | Research | Double-Bit Axe |
| 12:26 | Research | Horse Collar |
| 12:30 | Research | Gold Mining |
| 12:34 | Research | Stone Mining |
| 13:08 | Build | Market |
| 13:23 | Create | Villager (Male) |
| 13:55 | Build | Blacksmith |
| 14:02 | Create | Villager (Male) |
| 14:17 | Build | Farm |
| 14:19 | Build | Farm |
| 14:21 | Build | Farm |
| 14:24 | Create | Villager (Male) |
| 14:45 | Build | House |
| 14:50 | Create | Villager (Male) |
| 15:01 | Build | Farm |
| 15:25 | Create | Villager (Male) |
| 15:54 | Create | Villager (Male) |
| 16:22 | Build | Farm |
| 16:23 | Build | Farm |
| 16:27 | Create | Villager (Male) |
| 17:08 | Research | Castle Age |
| 19:48 | Age | Castle Age |
| 19:49 | Research | Hand Cart |
| 19:53 | Research | Bow Saw |
| 19:59 | Build | Town Center |
| 20:09 | Build | Castle |
| 20:13 | Create | Villager (Male) |
| 20:32 | Build | Town Center |
| 20:37 | Create | Villager (Male) |
| 20:53 | Create | Villager (Male) |
| 21:11 | Research | Heavy Plow |
| 21:37 | Create | Villager (Male) |
| 21:40 | Create | Villager (Male) |
| 22:10 | Build | Siege Workshop |
| 22:16 | Create | Villager (Male) |
| 22:19 | Create | Villager (Male) |
| 22:20 | Create | Villager (Male) |
| 22:20 | Create | Villager (Male) |
| 22:32 | Build | House |
| 22:34 | Build | House |
| 22:35 | Build | House |
| 22:40 | Create | Scorpion |
| 22:58 | Create | Teutonic Knight |
| 23:06 | Create | Villager (Male) |
| 23:06 | Create | Villager (Male) |
| 23:07 | Create | Villager (Male) |
| 23:23 | Build | Town Center |
| 23:28 | Create | Scorpion |
| 23:30 | Create | Teutonic Knight |
| 23:38 | Create | Villager (Male) |
| 23:38 | Create | Villager (Male) |
| 23:38 | Create | Villager (Male) |
| 23:57 | Create | Villager (Male) |
| 23:58 | Create | Villager (Male) |
| 23:58 | Create | Villager (Male) |
| 24:07 | Create | Scorpion |
| 24:11 | Create | Teutonic Knight |
| 24:16 | Build | House |
| 24:17 | Build | House |
| 24:22 | Research | Fletching |
| 24:28 | Create | Villager (Male) |
| 24:28 | Create | Villager (Male) |
| 24:28 | Create | Villager (Male) |
| 24:38 | Build | Farm |
| 24:39 | Build | Farm |
| 24:40 | Build | Farm |
| 24:42 | Build | Farm |
| 24:50 | Create | Villager (Male) |
| 24:50 | Create | Villager (Male) |
| 24:51 | Create | Villager (Male) |
| 24:51 | Create | Villager (Male) |
| 24:56 | Create | Scorpion |
| 25:13 | Build | Farm |
| 25:14 | Build | Farm |
| 25:15 | Build | Farm |
| 25:22 | Build | Mining Camp |
| 25:28 | Create | Villager (Male) |
| 25:33 | Create | Villager (Male) |
| 25:33 | Create | Villager (Male) |
| 25:33 | Create | Villager (Male) |
| 25:37 | Build | House |
| 25:38 | Build | House |
| 25:39 | Build | House |
| 25:53 | Research | Caravan |
| 26:03 | Build | Farm |
| 26:04 | Build | Farm |
| 26:06 | Build | Farm |
| 26:08 | Build | Farm |
| 26:13 | Build | Farm |
| 26:14 | Build | Farm |
| 26:17 | Build | Farm |
| 26:18 | Build | Farm |
| 26:23 | Create | Scorpion |
| 26:25 | Create | Teutonic Knight |
| 26:30 | Create | Villager (Male) |
| 26:31 | Create | Villager (Male) |
| 26:31 | Create | Villager (Male) |
| 26:31 | Create | Villager (Male) |
| 26:40 | Build | Farm |
| 26:41 | Build | Farm |
| 26:43 | Build | Farm |
| 26:44 | Build | Farm |
| 26:52 | Build | Farm |
| 27:07 | Create | Villager (Male) |
| 27:07 | Create | Villager (Male) |
| 27:07 | Create | Villager (Male) |
| 27:08 | Create | Villager (Male) |
| 27:12 | Create | Teutonic Knight |
Build order — Ahmett
First 150 of 327 actions detected
| 0:08 | Build | House |
| 0:17 | Create | Villager (Male) |
| 0:17 | Create | Villager (Male) |
| 0:17 | Create | Villager (Male) |
| 0:17 | Create | Villager (Male) |
| 0:41 | Build | House |
| 1:47 | Build | Lumber Camp |
| 1:52 | Create | Villager (Male) |
| 2:14 | Build | House |
| 2:20 | Create | Villager (Male) |
| 3:00 | Create | Villager (Male) |
| 3:25 | Create | Villager (Male) |
| 3:57 | Create | Villager (Male) |
| 4:10 | Build | House |
| 4:53 | Create | Villager (Male) |
| 4:54 | Create | Villager (Male) |
| 5:16 | Build | House |
| 5:18 | Build | House |
| 5:38 | Build | Mill |
| 5:45 | Create | Villager (Male) |
| 5:45 | Create | Villager (Male) |
| 6:06 | Create | Villager (Male) |
| 6:07 | Create | Villager (Male) |
| 6:07 | Create | Villager (Male) |
| 6:32 | Build | House |
| 6:45 | Build | House |
| 6:49 | Create | Villager (Male) |
| 7:15 | Create | Villager (Male) |
| 7:15 | Create | Villager (Male) |
| 7:15 | Create | Villager (Male) |
| 8:01 | Build | Farm |
| 8:06 | Create | Villager (Male) |
| 8:06 | Create | Villager (Male) |
| 8:06 | Create | Villager (Male) |
| 8:06 | Create | Villager (Male) |
| 8:15 | Build | Farm |
| 8:23 | Build | Farm |
| 8:46 | Build | Farm |
| 8:58 | Create | Villager (Male) |
| 8:58 | Create | Villager (Male) |
| 8:58 | Create | Villager (Male) |
| 9:17 | Build | Farm |
| 10:23 | Build | Farm |
| 10:38 | Create | Villager (Male) |
| 10:39 | Create | Villager (Male) |
| 10:39 | Create | Villager (Male) |
| 10:39 | Create | Villager (Male) |
| 10:40 | Create | Villager (Male) |
| 10:47 | Research | Feudal Age |
| 10:48 | Create | Villager (Male) |
| 10:48 | Create | Villager (Male) |
| 10:57 | Build | Farm |
| 11:02 | Build | Farm |
| 11:15 | Build | House |
| 11:42 | Build | Farm |
| 11:59 | Create | Villager (Male) |
| 12:00 | Create | Villager (Male) |
| 12:19 | Build | Mining Camp |
| 12:37 | Build | Farm |
| 12:57 | Age | Feudal Age |
| 13:09 | Create | Villager (Male) |
| 13:20 | Build | Farm |
| 13:38 | Build | Farm |
| 13:43 | Create | Villager (Male) |
| 14:06 | Build | Farm |
| 14:11 | Create | Villager (Male) |
| 14:11 | Create | Villager (Male) |
| 14:54 | Create | Villager (Male) |
| 14:54 | Create | Villager (Male) |
| 15:07 | Build | Mining Camp |
| 15:24 | Create | Villager (Male) |
| 15:25 | Create | Villager (Male) |
| 15:37 | Build | Blacksmith |
| 16:04 | Create | Villager (Male) |
| 16:20 | Build | Market |
| 16:58 | Build | House |
| 17:00 | Build | House |
| 17:09 | Research | Castle Age |
| 17:20 | Create | Villager (Male) |
| 17:20 | Create | Villager (Male) |
| 17:35 | Build | Farm |
| 17:51 | Build | Barracks |
| 18:26 | Build | Barracks |
| 18:35 | Build | Palisade Wall |
| 19:09 | Build | Gate |
| 19:22 | Build | Palisade Wall |
| 19:32 | Create | Spearman |
| 19:33 | Create | Spearman |
| 19:33 | Create | Spearman |
| 19:33 | Create | Spearman |
| 19:35 | Create | Spearman |
| 19:48 | Build | Palisade Wall |
| 20:03 | Create | Villager (Male) |
| 20:04 | Create | Villager (Male) |
| 20:04 | Create | Villager (Male) |
| 20:12 | Age | Castle Age |
| 20:28 | Build | Castle |
| 20:46 | Create | Villager (Male) |
| 20:46 | Create | Villager (Male) |
| 20:47 | Create | Villager (Male) |
| 20:47 | Create | Villager (Male) |
| 20:47 | Create | Villager (Male) |
| 20:48 | Create | Villager (Male) |
| 21:12 | Create | Spearman |
| 21:13 | Create | Spearman |
| 21:13 | Create | Spearman |
| 21:13 | Create | Spearman |
| 21:14 | Create | Spearman |
| 21:14 | Create | Spearman |
| 21:14 | Create | Spearman |
| 21:16 | Create | Spearman |
| 21:16 | Create | Spearman |
| 21:17 | Create | Spearman |
| 21:17 | Create | Spearman |
| 21:24 | Create | Villager (Male) |
| 21:25 | Create | Villager (Male) |
| 21:25 | Create | Villager (Male) |
| 22:00 | Build | House |
| 22:02 | Build | House |
| 22:06 | Build | House |
| 22:18 | Build | House |
| 22:19 | Build | House |
| 22:23 | Build | House |
| 22:31 | Create | Villager (Male) |
| 22:31 | Create | Villager (Male) |
| 22:32 | Create | Villager (Male) |
| 22:37 | Create | Spearman |
| 22:37 | Create | Spearman |
| 22:39 | Create | Spearman |
| 22:39 | Create | Spearman |
| 22:39 | Create | Spearman |
| 23:37 | Research | Pikeman (upgrade) |
| 23:42 | Create | Spearman |
| 23:42 | Create | Spearman |
| 23:59 | Build | Farm |
| 24:04 | Build | Farm |
| 24:08 | Build | Farm |
| 24:12 | Build | Farm |
| 24:18 | Build | Farm |
| 24:23 | Build | Farm |
| 24:40 | Build | Town Center |
| 25:18 | Create | Villager (Male) |
| 25:18 | Create | Villager (Male) |
| 25:19 | Create | Villager (Male) |
| 25:34 | Create | Villager (Male) |
| 25:35 | Create | Villager (Male) |
| 25:35 | Create | Villager (Male) |
| 25:49 | Build | Farm |
| 25:53 | Build | Farm |
| 26:08 | Create | Villager (Male) |
Build order — aleix.batista
First 150 of 351 actions detected
| 0:09 | Build | House |
| 0:15 | Create | Villager (Male) |
| 0:15 | Create | Villager (Male) |
| 0:16 | Create | Villager (Male) |
| 0:16 | Create | Villager (Male) |
| 0:40 | Build | House |
| 0:42 | Build | House |
| 0:43 | Build | House |
| 1:53 | Create | Villager (Male) |
| 1:54 | Research | Loom |
| 3:10 | Create | Villager (Male) |
| 3:10 | Create | Villager (Male) |
| 3:11 | Create | Villager (Male) |
| 3:47 | Create | Villager (Male) |
| 3:47 | Create | Villager (Male) |
| 3:53 | Build | Mill |
| 4:33 | Create | Villager (Male) |
| 4:34 | Create | Villager (Male) |
| 4:34 | Create | Villager (Male) |
| 4:35 | Create | Villager (Male) |
| 6:00 | Create | Villager (Male) |
| 6:01 | Create | Villager (Male) |
| 6:35 | Create | Villager (Male) |
| 6:36 | Create | Villager (Male) |
| 7:16 | Build | Lumber Camp |
| 7:20 | Create | Villager (Male) |
| 7:24 | Create | Villager (Male) |
| 7:24 | Create | Villager (Male) |
| 8:43 | Research | Feudal Age |
| 9:21 | Build | House |
| 9:22 | Build | House |
| 9:24 | Build | House |
| 9:35 | Build | Farm |
| 9:37 | Build | Farm |
| 9:41 | Build | House |
| 9:43 | Build | House |
| 10:23 | Create | Villager (Male) |
| 10:23 | Create | Villager (Male) |
| 11:06 | Age | Feudal Age |
| 11:10 | Research | Double-Bit Axe |
| 11:14 | Research | Horse Collar |
| 11:33 | Build | Market |
| 11:49 | Build | Mining Camp |
| 12:14 | Create | Villager (Male) |
| 12:15 | Create | Villager (Male) |
| 12:15 | Create | Villager (Male) |
| 12:37 | Build | Blacksmith |
| 13:07 | Create | Villager (Male) |
| 13:08 | Create | Villager (Male) |
| 13:32 | Build | Barracks |
| 13:35 | Build | Barracks |
| 13:40 | Create | Villager (Male) |
| 14:00 | Build | Farm |
| 14:20 | Create | Villager (Male) |
| 14:23 | Build | Farm |
| 14:30 | Create | Villager (Male) |
| 14:30 | Create | Villager (Male) |
| 14:31 | Create | Villager (Male) |
| 14:53 | Build | Farm |
| 15:13 | Build | Farm |
| 15:37 | Build | House |
| 15:39 | Build | House |
| 15:42 | Build | House |
| 15:51 | Build | House |
| 15:53 | Build | House |
| 15:55 | Build | House |
| 16:13 | Build | Mining Camp |
| 16:34 | Research | Castle Age |
| 17:15 | Create | Spearman |
| 17:15 | Create | Spearman |
| 17:44 | Research | Man-at-Arms (upgrade) |
| 17:45 | Create | Militia |
| 17:46 | Create | Militia |
| 18:06 | Research | Stone Mining |
| 18:38 | Create | Militia |
| 18:39 | Create | Militia |
| 18:50 | Research | Scale Mail Armor |
| 19:14 | Age | Castle Age |
| 19:47 | Create | Villager (Male) |
| 19:48 | Create | Villager (Male) |
| 19:48 | Create | Villager (Male) |
| 19:49 | Create | Villager (Male) |
| 20:00 | Research | Squires |
| 20:03 | Create | Spearman |
| 21:06 | Build | Mining Camp |
| 21:11 | Build | Town Center |
| 21:39 | Research | Wheelbarrow |
| 22:07 | Build | Castle |
| 22:36 | Create | Villager (Male) |
| 22:36 | Create | Villager (Male) |
| 22:38 | Build | Farm |
| 22:39 | Build | Farm |
| 22:41 | Build | Farm |
| 22:42 | Build | Farm |
| 22:48 | Create | Villager (Male) |
| 22:49 | Create | Villager (Male) |
| 23:09 | Build | Farm |
| 23:15 | Create | Villager (Male) |
| 23:22 | Build | Farm |
| 23:38 | Build | Monastery |
| 23:43 | Build | Farm |
| 23:45 | Create | Villager (Male) |
| 23:47 | Create | Villager (Male) |
| 23:53 | Build | Farm |
| 23:57 | Create | Villager (Male) |
| 24:03 | Build | Farm |
| 24:07 | Create | Villager (Male) |
| 24:30 | Create | Monk |
| 24:40 | Build | Mining Camp |
| 24:51 | Build | Siege Workshop |
| 24:55 | Build | Siege Workshop |
| 25:01 | Build | Farm |
| 25:04 | Build | Farm |
| 25:06 | Create | Villager (Male) |
| 25:06 | Create | Villager (Male) |
| 25:11 | Create | Villager (Male) |
| 25:11 | Create | Villager (Male) |
| 25:11 | Create | Villager (Male) |
| 25:14 | Build | Farm |
| 25:17 | Build | Farm |
| 25:29 | Research | Gold Mining |
| 25:48 | Build | Farm |
| 25:58 | Build | Farm |
| 26:02 | Build | Farm |
| 26:05 | Create | Villager (Male) |
| 26:10 | Build | Farm |
| 26:22 | Create | Villager (Male) |
| 26:23 | Create | Villager (Male) |
| 26:37 | Build | Farm |
| 26:47 | Build | Farm |
| 26:48 | Create | Villager (Male) |
| 26:49 | Create | Villager (Male) |
| 27:00 | Build | House |
| 27:10 | Build | Farm |
| 27:26 | Research | Imperial Age |
| 27:31 | Create | Villager (Male) |
| 27:39 | Build | Lumber Camp |
| 27:41 | Research | Bow Saw |
| 27:45 | Create | Villager (Male) |
| 27:47 | Create | Villager (Male) |
| 28:14 | Build | House |
| 28:27 | Create | Villager (Male) |
| 28:55 | Build | House |
| 28:57 | Build | House |
| 28:58 | Build | House |
| 29:01 | Create | Centurion |
| 29:21 | Create | Villager (Male) |
| 29:21 | Create | Villager (Male) |
| 29:22 | Create | Villager (Male) |
| 29:26 | Create | Villager (Male) |
Build order — Makinaci
First 150 of 340 actions detected
| 0:06 | Build | House |
| 0:08 | Create | Villager (Male) |
| 0:09 | Create | Villager (Male) |
| 0:09 | Create | Villager (Male) |
| 0:09 | Create | Villager (Male) |
| 0:09 | Create | Villager (Male) |
| 0:31 | Build | House |
| 0:33 | Build | House |
| 0:34 | Build | House |
| 0:37 | Build | House |
| 1:27 | Create | Villager (Male) |
| 1:27 | Create | Villager (Male) |
| 2:08 | Create | Villager (Male) |
| 2:09 | Create | Villager (Male) |
| 2:22 | Create | Villager (Male) |
| 2:22 | Create | Villager (Male) |
| 2:54 | Create | Villager (Male) |
| 3:24 | Create | Villager (Male) |
| 3:24 | Create | Villager (Male) |
| 3:25 | Create | Villager (Male) |
| 3:51 | Create | Villager (Male) |
| 3:52 | Create | Villager (Male) |
| 4:34 | Create | Villager (Male) |
| 4:34 | Create | Villager (Male) |
| 4:38 | Create | Villager (Male) |
| 4:49 | Create | Villager (Male) |
| 4:49 | Create | Villager (Male) |
| 4:52 | Create | Villager (Male) |
| 4:52 | Create | Villager (Male) |
| 5:04 | Create | Villager (Male) |
| 5:44 | Create | Villager (Male) |
| 5:44 | Create | Villager (Male) |
| 5:44 | Create | Villager (Male) |
| 5:44 | Create | Villager (Male) |
| 6:18 | Create | Villager (Male) |
| 6:18 | Create | Villager (Male) |
| 6:31 | Build | Lumber Camp |
| 7:11 | Create | Villager (Male) |
| 7:11 | Create | Villager (Male) |
| 7:12 | Create | Villager (Male) |
| 7:12 | Create | Villager (Male) |
| 7:12 | Create | Villager (Male) |
| 7:12 | Create | Villager (Male) |
| 7:26 | Build | Mill |
| 7:32 | Create | Villager (Male) |
| 8:29 | Build | Mining Camp |
| 9:59 | Build | Farm |
| 10:07 | Build | Farm |
| 10:08 | Build | Farm |
| 10:09 | Build | Farm |
| 10:12 | Build | Farm |
| 10:33 | Research | Feudal Age |
| 10:49 | Build | Mining Camp |
| 12:28 | Build | Barracks |
| 13:09 | Age | Feudal Age |
| 13:14 | Build | Blacksmith |
| 13:21 | Build | Market |
| 13:50 | Research | Castle Age |
| 13:50 | Research | Castle Age |
| 13:59 | Research | Double-Bit Axe |
| 14:13 | Build | Archery Range |
| 14:25 | Create | Villager (Male) |
| 14:25 | Create | Villager (Male) |
| 14:39 | Build | House |
| 14:40 | Build | House |
| 15:14 | Research | Fletching |
| 15:18 | Create | Skirmisher |
| 15:18 | Create | Skirmisher |
| 15:25 | Create | Spearman |
| 15:26 | Create | Spearman |
| 15:33 | Create | Archer |
| 15:33 | Create | Archer |
| 15:58 | Build | Stable |
| 16:14 | Create | Skirmisher |
| 16:15 | Create | Spearman |
| 16:30 | Age | Castle Age |
| 16:35 | Build | Town Center |
| 16:41 | Create | Villager (Male) |
| 16:42 | Create | Villager (Male) |
| 16:54 | Build | House |
| 16:55 | Build | House |
| 16:56 | Build | House |
| 16:57 | Build | House |
| 17:23 | Create | Skirmisher |
| 17:26 | Create | Spearman |
| 17:38 | Create | Villager (Male) |
| 17:38 | Create | Villager (Male) |
| 17:38 | Create | Villager (Male) |
| 17:46 | Create | Villager (Male) |
| 17:47 | Create | Villager (Male) |
| 18:14 | Build | Town Center |
| 18:18 | Create | Villager (Male) |
| 19:04 | Build | Monastery |
| 19:14 | Create | Villager (Male) ×2 |
| 19:15 | Create | Villager (Male) ×2 |
| 19:48 | Build | Monastery |
| 19:56 | Build | Farm |
| 19:56 | Build | Farm |
| 19:56 | Build | Farm |
| 19:57 | Build | Farm |
| 19:57 | Build | Farm |
| 19:57 | Build | Farm |
| 19:57 | Build | Farm |
| 19:58 | Build | Farm |
| 19:58 | Build | Farm |
| 19:58 | Build | Farm |
| 19:59 | Build | Farm |
| 19:59 | Build | Farm |
| 20:00 | Build | Farm |
| 20:01 | Build | Farm |
| 20:01 | Build | Farm |
| 20:01 | Build | Farm |
| 20:02 | Build | Farm |
| 20:02 | Build | Farm |
| 20:02 | Build | Farm |
| 20:03 | Build | Farm |
| 20:03 | Build | Farm |
| 20:03 | Build | Farm |
| 20:08 | Create | Villager (Male) |
| 20:09 | Create | Villager (Male) |
| 20:14 | Create | Villager (Male) |
| 20:14 | Create | Villager (Male) |
| 20:24 | Build | Farm |
| 20:25 | Build | Farm |
| 20:25 | Build | Farm |
| 20:25 | Build | Farm |
| 20:26 | Build | Farm |
| 20:28 | Create | Monk |
| 20:43 | Build | House |
| 20:49 | Build | Farm |
| 20:54 | Build | Farm |
| 20:56 | Create | Villager (Male) |
| 20:57 | Create | Villager (Male) |
| 21:15 | Build | Castle |
| 21:22 | Create | Villager (Male) |
| 21:24 | Create | Villager (Male) |
| 21:24 | Create | Villager (Male) |
| 21:32 | Build | House |
| 21:34 | Build | House |
| 21:35 | Build | House |
| 21:36 | Build | House |
| 21:43 | Build | Farm |
| 21:45 | Build | Farm |
| 21:47 | Build | Farm |
| 21:53 | Build | Farm |
| 21:56 | Build | Farm |
| 21:57 | Build | Farm |
| 22:00 | Build | Farm |
| 22:00 | Build | Farm |
| 22:00 | Build | Farm |
Match timeline
| 11:06 | aleix.batista · age_up feudal |
| 12:10 | KingYankee1 · age_up feudal |
| 12:28 | Makinaci · first_building Barracks |
| 12:57 | Ahmett · age_up feudal |
| 13:02 | MR. Pluton · age_up feudal |
| 13:09 | Makinaci · age_up feudal |
| 13:15 | Ezer · first_building Barracks |
| 13:32 | aleix.batista · first_building Barracks |
| 14:13 | Makinaci · first_building Archery Range |
| 14:21 | Ezer · age_up feudal |
| 14:26 | MR. Pluton · first_building Barracks |
| 14:39 | Ezer · first_building Stable |
| 15:48 | KingYankee1 · first_market_buy 100 food |
| 15:52 | MR. Pluton · first_building Stable |
| 15:58 | Makinaci · first_building Stable |
| 16:21 | aleix.batista · first_market_buy 100 food |
| 16:21 | Ezer · first_market_buy 100 food |
| 16:28 | aleix.batista · first_market_sell 100 wood |
| 16:30 | Makinaci · age_up castle |
| 16:57 | MR. Pluton · age_up castle |
| 17:07 | MR. Pluton · first_building Monastery |
| 17:51 | Ahmett · first_building Barracks |
| 18:18 | Ezer · age_up castle |
| 18:35 | Ahmett · wall_segment Palisade Wall x1 |
| 18:48 | Ezer · first_building Castle |
| 18:58 | MR. Pluton · first_building Archery Range |
| 19:04 | Makinaci · first_building Monastery |
| 19:14 | aleix.batista · age_up castle |
| 19:22 | Ahmett · wall_segment Palisade Wall x1 |
| 19:24 | Ezer · first_building Monastery |
| 19:48 | Ahmett · wall_segment Palisade Wall x1 |
| 19:48 | KingYankee1 · age_up castle |
| 20:09 | KingYankee1 · first_building Castle |
| 20:12 | Ahmett · age_up castle |
| 20:28 | Ahmett · first_building Castle |
| 21:15 | Makinaci · first_building Castle |
| 22:07 | aleix.batista · first_building Castle |
| 22:10 | KingYankee1 · first_building Siege Workshop |
| 23:38 | aleix.batista · first_building Monastery |
| 24:51 | aleix.batista · first_building Siege Workshop |
| 25:28 | Ezer · first_building Siege Workshop |
| 26:38 | Ahmett · first_building Siege Workshop |
| 26:40 | MR. Pluton · first_building Siege Workshop |
| 28:37 | MR. Pluton · age_up imperial |
| 30:31 | Makinaci · age_up imperial |
| 30:32 | Ahmett · first_building Stable |
| 30:36 | aleix.batista · age_up imperial |
| 30:40 | Makinaci · first_building Siege Workshop |
| 32:07 | Ezer · age_up imperial |
| 32:23 | KingYankee1 · age_up imperial |
| 32:50 | KingYankee1 · first_market_sell 100 food |
| 32:59 | Ahmett · age_up imperial |
| 35:52 | MR. Pluton · first_building Castle |
| 40:34 | MR. Pluton · first_market_sell 100 wood |
| 40:44 | Ezer · first_market_sell 100 wood |
| 46:04 | Ezer · wall_segment Stone Wall x1 |
| 46:33 | MR. Pluton · first_market_buy 100 stone |
| 51:32 | MR. Pluton · resign |
[ AI ANALYSIS · 1 CREDIT ]
What really happened in this match?
Wolo.gg analyzes every decision: build order, eco, micro, common mistakes by bracket. Personalized analysis on WhatsApp or Discord in 30 seconds.
Civ guide
Turks
Perfil
Jugador #1004697